 Dungeon Crawl Stone Soup version 0.29.1-15-g9cfb28693d (webtiles) character file.

Game seed: 10664794978503805589

25 hawla the Chiller (level 3, -11/24 (26) HPs)
             Began as a Meteoran Ice Elementalist on Apr 13, 2023.
             Mangled by Edmund
             ... wielding a +1 flail of draining
              (13 damage)
             ... on level 4 of the Dungeon.
             The game lasted 00:01:45 (271 turns).

hawla the Chiller (Meteoran Ice Elementalist)        Turns: 271, Time: 00:01:46

HP:   -11/24 (26)   AC:  3    Str:  9    XL:     3   Next: 38%
MP:   2/8           EV: 12    Int: 18    God:
Gold: 50            SH:  0    Dex: 15    Spells: 4/8 levels left

rFire   . . .      SeeInvis .   (no weapon)
rCold   . . .      Faith    .   (no shield)
rNeg    . . .      Spirit   .   a - +1 robe
rPois   .          Reflect  .   (no helmet)
rElec   .          Harm     .   (no cloak)
rCorr   .          Rampage  .   (no gloves)
Will    .....                   (no boots)
Stlth   +.........              (no amulet)
HPRegen 0.08/turn               (no ring)
MPRegen 0.11/turn               (no ring)

@: freezing walls, glowing, drained
A: sense surroundings 1, otherworldly, glowing, explore regen
a: no special abilities


You were on level 4 of the Dungeon.
You visited 1 branch of the dungeon, and saw 4 of its levels.

You collected 50 gold pieces.

Inventory:

Armour
 a - a +1 robe (worn)
Scrolls
 c - a scroll of identify {unknown}
Potions
 b - a potion of magic
 d - 2 potions of curing {unknown}


   Skills:
 + Level 2.6 Dodging
 - Level 1.4 Stealth
 + Level 3.0 Spellcasting
 + Level 5.2 Ice Magic


You had 4 spell levels left.
You knew the following spells:

 Your Spells              Type           Power      Damage    Failure   Level
a - Freeze                Ice            84%        1d10      1%          1
b - Frozen Ramparts       Ice            42%        1d7       6%          3

Your spell library contained the following spells:

 Spells                   Type           Power      Damage    Failure   Level
 Ozocubu's Armour         Ice            21%        N/A       6%          3
 Hailstorm                Conj/Ice       12%        3d5       50%         4


Dungeon Overview and Level Annotations

Branches:
Dungeon (4/15) Zot: 2128
 Temple: D:4-7

Altars:

Annotations:
D:4 Edmund, Robin


Innate Abilities, Weirdness & Mutations

You passively map a small area around you.
You are easily found by Zot.
You glow in the dark.
You regain HP and MP as you explore.


Message History

Casting: Frozen Ramparts (quite dangerous; 6% risk of failure)
Confirm with . or Enter, or press ? or * to list all spells.
Aiming: Freeze (safe; 1% risk of failure)
Press: ? - help, Shift-Dir - straight line, f - Edmund
Aim: Edmund, wielding a +1 flail of draining and wearing a +4 chain mail of poison resistance You freeze Edmund.
Edmund is lightly wounded.
The wall freezes Edmund but does no damage.
Edmund hits you with a +1 flail of draining.
You feel drained.
Casting: Freeze (safe; 1% risk of failure)
Confirm with . or Enter, or press ? or * to list all spells.
Aiming: Freeze (safe; 1% risk of failure)
Press: ? - help, Shift-Dir - straight line, f/p - Edmund
Aim: Edmund, wielding a +1 flail of draining and wearing a +4 chain mail of poison resistance (lightly wounded)
You freeze Edmund.
Edmund is moderately wounded.
The wall freezes the iguana but does no damage.
The wall freezes Edmund.
Edmund hits you with a +1 flail of draining!
You feel drained.
* * * LOW HITPOINT WARNING * * *
The wall freezes the hobgoblin.
Robin's horned helmet rattles.
Casting: Freeze (safe; 1% risk of failure)
Confirm with . or Enter, or press ? or * to list all spells.
Aiming: Freeze (safe; 1% risk of failure)
Press: ? - help, Shift-Dir - straight line, f/p - Edmund
Aim: Edmund, wielding a +1 flail of draining and wearing a +4 chain mail of poison resistance (moderately wounded)
You freeze Edmund!
Edmund is heavily wounded.
The wall freezes the iguana but does no damage.
The iguana bites you.
* * * LOW HITPOINT WARNING * * *
The wall freezes the hobgoblin.
You kill the hobgoblin!
The wall freezes Edmund but does no damage.
Edmund hits you with a +1 flail of draining!
Ouch! That really hurt!
You die...

.........## , * *
..........## ,, , ,
...........*, , * ,
.?........##, ,**
..(.....(..# ⌠*,,
........##.#######
.................#
....#†..###.###@.# , , #
#.<.##..# #.@#* * ,
................l.†gJ.g.
....#.......###..####g$.
, .<..........# ...# ,
.....#......#..#.# , *
#..##..#....#..... , .#
..##........., * * #.
#.#*........# * ** ,


You could see Edmund, an iguana (slow), Robin, an endoplasm, a hobgoblin and a
goblin.

Vanquished Creatures
  2 adders (D:2)
  A bat (D:1)
  An endoplasm (D:2)
  A giant cockroach (D:4)
  2 hobgoblins
  A quokka (D:3)
  A frilled lizard (D:2)
9 creatures vanquished.

Notes
Turn   | Place    | Note
-------+----------+-------------------------------------------
     0 | D:1      | hawla the Meteoran Ice Elementalist began the quest for the
                  | Orb.
     0 | D:1      | Reached XP level 1. HP: 14/14 MP: 5/5
    71 | D:2      | Reached XP level 2. HP: 20/20 MP: 3/6
    95 | D:2      | Reached skill level 5 in Ice Magic
   127 | D:2      | Reached XP level 3. HP: 16/26 MP: 1/8
   136 | D:2      | Learned a level 3 spell: Frozen Ramparts
   256 | D:4      | Noticed Edmund
   268 | D:4      | Noticed Robin
   271 | D:4      | Mangled by Edmund

Illustrated notes

Levels and vault maps discovered:
D:1:      amcnicky_arrival_blooded_trapdoor, layout_basic
D:2:      layout_loops_ring, kennysheep_big_empty_room,
          kennysheep_generic_room_9
D:3:      layout_loops_ring, nicolae_uskayaw_en_pointe,
          ebering_ecumenical_altar_petrified, serial_shops, shop_statue,
          uniq_ijyb
D:4:      layout_rooms, mainiacjoe_overflow_alcove_2,
          nicolae_gozag_seed_capital, uniq_crazy_yiuf_cottage, uniq_robin,
          uniq_edmund

Skill      XL: |  1  2  3 |
---------------+----------+-----
Ice Magic      | 5 |  5.2
Spellcasting   | 3 |  3.0
Dodging        | |  2.6
Stealth        | |  1.4

Action                   || total
-------------------------++-------
Melee: Unarmed           ||     2
 Cast: Freeze            ||    16
       Frozen Ramparts   ||     1
  Use: Scroll            ||     3
Armor: Robe              ||     9
Dodge: Dodged            ||     4
